Unix NetHack Version 3.7.0-60 Work-in-progress - last build Jul 10 2022 06:21:10 (14e6c82d0a2bdcc1d3355b92dfa208a3528279b5,branch:master). Game began 2022-07-12 15:33:00, ended 2022-07-13 13:26:41. elenmirie, chaotic female orcish Rogue ------- ------- |$eGq:|-- |..|.>| |$xFYj+.| |..%..| --|.e$$$|-| |.--.--- |.a.%$$$+?| --.|..0.---- |@|%$0$$|-| --..|.......| |.|$$$$$+.| |...|---0...| |.|$$$$$|-- |...|..|....| |.|------ |...|.......| |.| --......|....-- |.| |....|..|.....| |.| |....|--|.....| |.| |...-- --.|..| |.| ----- |.---- |.-------------------..| |.*....%...............| ------------------------ Elenmirie the Rogue St:17 Dx:17 Co:17 In:12 Wi:10 Ch:8 Chaotic Dlvl:3 $:42 HP:0(69) Pw:21(21) AC:0 Xp:9/3163 T:14295 Latest messages: You finish eating the food ration. You can see again. What do you want to use or apply? [e-ioptuwxESWY or ?*] e In what direction? u Unlock it? [ynq] (q) y You succeed in unlocking the door. The door opens. You destroy the dwarf zombie! Welcome to David's treasure zoo! What do you want to put on? [dmxNR or ?*] x You are now wearing a blindfold. You can't see any more. You hit the pyrolisk. You hit the pyrolisk. You hit the pyrolisk. You hit the pyrolisk. You kill the pyrolisk! What do you want to remove? [xI or ?*] x You were wearing an uncursed blindfold. You can see again. $ - 10 gold pieces (42 in total). You see here a pyrolisk corpse. Pick an object. You hit the soldier ant. The soldier ant just misses! The soldier ant stings! The soldier ant bites! The soldier ant stings! The soldier ant's sting was poisoned! The poison doesn't seem to affect you. You hit the soldier ant! The soldier ant bites! The soldier ant stings! The soldier ant bites! The soldier ant stings! You hit the soldier ant! The soldier ant bites! The soldier ant misses! The soldier ant bites! The soldier ant misses! A mysterious force prevents you from teleporting! The soldier ant misses! The soldier ant stings! The soldier ant bites! You die... Do you want your possessions identified? [ynq] (y) y Do you want to see your attributes? [ynq] (y) y Do you want an account of creatures vanquished? [ynaq] (y) y Do you want to see your conduct and achievements? [ynq] (y) y Do you want to see the dungeon overview? [ynq] (y) y Major events: Turn 1: elenmirie the chaotic female orcish Rogue entered the dungeon 1076: attained the rank of Cutpurse (level 3) 4863: attained the rank of Rogue (level 6) 5200: entered the Gnomish Mines 6567: reached Mine Town 9306: killed the Oracle 10189: entered Sokoban 10698: completed sokoban 1 11359: completed sokoban 2 13008: completed sokoban 3 14253: completed sokoban 4 14295: killed by a soldier ant Inventory: Amulets I - a cursed amulet of reflection (being worn) Weapons j - 14 uncursed +1 daggers (at the ready) a - a blessed +0 silver saber (weapon in hand) Armor J - an uncursed rusty +0 dwarvish iron helm (being worn) n - a blessed +3 pair of leather gloves (being worn) z - an uncursed +0 pair of kicking boots (being worn) Z - an uncursed +0 cloak of magic resistance (being worn) c - an uncursed +1 leather armor (being worn) Comestibles g - 9 uncursed eucalyptus leaves Rings N - an uncursed ring of conflict d - a cursed ring of hunger m - an uncursed +2 ring of protection R - a cursed ring of sustain ability Wands o - an uncursed wand of light (0:15) Y - an uncursed wand of lightning (0:2) E - an uncursed wand of probing (0:4) f - an uncursed wand of secret door detection (0:11) S - an uncursed wand of sleep (0:5) h - an uncursed wand of striking (0:4) W - an uncursed wand of undead turning (0:2) Tools w - an uncursed sack containing 14 items i - an uncursed horn of plenty (0:14) x - an uncursed blindfold p - an uncursed magic whistle e - an uncursed skeleton key t - an uncursed tinning kit (0:58) u - an uncursed +0 unicorn horn Contents of the sack: 454 gold pieces an uncursed amulet of life saving an uncursed amulet of life saving a blessed scroll of blank paper an uncursed scroll of confuse monster an uncursed scroll of destroy armor a blessed scroll of earth an uncursed scroll of earth 2 uncursed scrolls of identify a cursed scroll of remove curse 2 uncursed scrolls of scare monster an uncursed scroll of teleportation an uncursed potion of gain energy an uncursed potion of water Elenmirie the Rogue's attributes: Background: You were a Rogue, level 9 female orc. You were chaotic, on a mission for Kos who was opposed by Issek (lawful) and Mog (neutral). You were in Sokoban, on level 3. You entered the dungeon 14295 turns ago. There was a full moon in effect when your adventure ended. You had 3163 experience points, 1957 more were needed to attain level 10. Basics: You had 0 out of 69 hit points. You had all 21 energy points (spell power). Your armor class was 0. Your wallet contained 42 zorkmids. Autopickup was on for '$' plus thrown. Final Characteristics: Your strength was 17 (limit:18/50). Your dexterity was 17 (peak:18, limit:18). Your constitution was 17 (limit:18). Your intelligence was 12 (limit:16). Your wisdom was 10 (limit:16). Your charisma was 8 (limit:16). Final Status: You were not hungry. You were unencumbered. You were wielding a saber. You were skilled in saber. Final Attributes: You were piously aligned. You were magic-protected. You were fire resistant. You were cold resistant. You were poison resistant. You were telepathic. You had infravision. You were stealthy. You could teleport. You were warded. You had reflection. You were lucky. You are dead. Miscellaneous: You encountered 1 bones level. Total elapsed playing time was 3 hours, 42 minutes and 34 seconds. Vanquished creatures: a shopkeeper the Oracle 2 watch captains a giant mimic a large mimic a black naga a water demon a small mimic a quantum mechanic a pyrolisk a large dog 2 tengu a wraith a leather golem 2 watchmen 2 chameleons a crocodile a giant beetle 2 cockatrices 7 wolves 2 winter wolf cubs a panther a leprechaun 2 giant spiders 2 scorpions a black light a gnome ruler 2 rust monsters an owlbear a yeti a dingo a dog 2 blue jellies a white unicorn a raven a plains centaur a gnome mummy 2 snakes 2 soldier ants a wood nymph 2 water nymphs 2 mountain nymphs 2 rock piercers 3 rock moles 2 ponies 3 yellow lights a shrieker 6 gnome leaders a gnomish wizard 3 gray oozes a paper golem 3 giant ants a little dog 10 floating eyes a kitten 11 dwarves a kobold leader a hill orc 7 rothes 2 centipedes 2 giant bats a monkey an orc zombie 5 dwarf zombies 4 iguanas 4 acid blobs 2 coyotes a gas spore 5 hobbits 9 manes 2 large kobolds 4 hobgoblins 7 giant rats 9 cave spiders 2 yellow molds 2 green molds a red mold 24 gnomes 6 garter snakes 3 gnome zombies 4 geckos 20 jackals 3 foxes 2 kobolds a goblin 2 sewer rats 7 grid bugs 10 lichens 2 kobold zombies 11 newts 277 creatures vanquished. No species were genocided or became extinct. Voluntary challenges: You read items or engraved 5 times. You never engraved Elbereth. You never genocided any monsters. You never polymorphed an object. You never changed form. You used no wishes. You did not violate any of the special Sokoban rules. Achievements: You entered a shop. You attained the rank of Cutpurse. You attained the rank of Rogue. You entered the Gnomish Mines. You entered Minetown. You entered a temple. You entered Sokoban. The Dungeons of Doom: levels 1 to 7 Level 1: Level 2: A general store. Level 3: An altar, a fountain. Level 4: Stairs down to The Gnomish Mines. Level 5: A general store, a grave. Final resting place for WizzyTheWeird-Wiz-Hum-Mal-Neu, killed by a giant mimic. Level 6: Oracle of Delphi. Level 7: A general store, an altar to Kos. Stairs up to Sokoban, level 6. The Gnomish Mines: levels 5 to 7 Level 5: Level 6: Level 7: Many shops, a temple, some fountains, some trees. Sokoban: levels 6 up to 3 Level 3: <- You were here. Solved. Final resting place for you, killed by a soldier ant. Level 4: Solved. Level 5: Solved. Level 6: Solved. Game over: ---------- / \ / REST \ / IN \ / PEACE \ / \ | elenmirie | | 496 Au | | killed by a | | soldier ant | | | | | | 2022 | *| * * * | * _________)/\\_//(\/(/\)/\//\/|_)_______ Goodbye elenmirie the Rogue... You died in Sokoban on dungeon level 3 with 13449 points, and 496 pieces of gold, after 14295 moves. You were level 9 with a maximum of 69 hit points when you died.